 Dungeon Crawl Stone Soup version 0.28.0-49-g6dfe1f597d (webtiles) character file.

Game seed: 13133606513301648491

1642 Dreadrock the Covered (level 8, -2/71 HPs)
             Began as a Minotaur Berserker on May 11, 2022.
             Was a Priest of Trog.
             Slain by a centaur
             ... wielding a +0 trident
              (3 damage)
             ... on level 6 of the Dungeon.
             The game lasted 00:17:52 (6705 turns).

Dreadrock the Covered (Minotaur Berserker)          Turns: 6705, Time: 00:17:53

Health: -2/71      AC: 13    Str: 23    XL:     8   Next: 67%
Magic:  7/7        EV:  7    Int:  4    God:    Trog [***...]
Gold:   86         SH:  7    Dex:  4    Spells: 7/7 levels left

rFire   . . .      SeeInvis +   B - +3 hand axe
rCold   . . .      Faith    .   A - +1 kite shield of Nuonaf {Harm rPois Regen+ Str-2 Dex-5}
rNeg    . . .      Spirit   .   m - +0 chain mail
rPois   +          Reflect  .   (helmet restricted)
rElec   .          Harm     +   (no cloak)
rCorr   .          Rampage  .   (no gloves)
Will    .....                   a - +1 pair of boots
Stlth   ..........              (no amulet)
HPRegen 1.01/turn               l - ring of see invisible
MPRegen 0.10/turn               (no ring)

@: no status effects
A: horns 2, retaliatory headbutt
a: Renounce Religion, Berserk, Trog's Hand


You were on level 6 of the Dungeon.
You worshipped Trog.
Trog was most pleased with you.
You visited 1 branch of the dungeon, and saw 6 of its levels.

You collected 200 gold pieces.
You spent 114 gold pieces at shops.

Inventory:

Hand Weapons
 v - a +0 war axe
 B - a +3 hand axe (weapon)
Missiles
 w - a throwing net (quivered)
Armour
 a - a +1 pair of boots (worn)
 m - a +0 chain mail (worn)
 A - the +1 kite shield of Nuonaf (worn) {Harm rPois Regen+ Str-2 Dex-5}
   (You bought it in a shop on level 1 of the Dungeon)

   Str:       It affects your strength (-2).
   Dex:       It affects your dexterity (-5).
   rPois:     It protects you from poison.
   Regen:     It increases your rate of health regeneration.
   Harm:      It increases damage dealt and taken.
Jewellery
 l - a ring of see invisible (left hand)
Wands
 o - a wand of flame (9)
Scrolls
 b - a scroll of amnesia {unknown}
 c - 6 scrolls of identify {unknown}
 d - 2 scrolls of vulnerability {unknown}
 e - a scroll of torment {unknown}
 f - 2 scrolls of teleportation {unknown}
 h - 2 scrolls of blinking {unknown}
 j - 2 scrolls of holy word {unknown}
 k - 2 scrolls of magic mapping {unknown}
 t - a scroll of fog {unknown}
 y - a scroll of acquirement {unknown}
Potions
 g - 2 potions of curing {unknown}
 i - 2 potions of invisibility {unknown}
 n - a potion of might {unknown}
 p - a potion of mutation {unknown}
 q - a potion of attraction {unknown}
 r - a potion of brilliance {unknown}
 s - a potion of degeneration {unknown}
 u - a potion of cancellation {unknown}
 x - a potion of berserk rage {unknown}
 z - a potion of heal wounds {unknown}


   Skills:
 + Level 6.4 Fighting
 + Level 6.4 Axes
 + Level 7.7 Armour
 + Level 6.9 Dodging
 * Level 3.0 Shields


You had 7 spell levels left.
You didn't know any spells.
Your spell library was empty.

Dungeon Overview and Level Annotations

Branches:
Dungeon (6/15)
 Temple: D:4-7

Altars:
Qazlal
Ru

Shops:
D:1 [   D:5 :


Innate Abilities, Weirdness & Mutations

You have a pair of horns on your head.
You reflexively headbutt those who attack you in melee.


Message History

The centaur kicks you but does no damage.
You are too injured to fight recklessly!
You are too injured to fight recklessly!
The centaur zaps a wand.
You resist with some effort.
The now-empty wand crumbles to dust.
The centaur shoots an arrow.
The arrow barely misses you.
Okay, then.
You feel less confused. The centaur barely misses you.
The centaur kicks you but does no damage.
The centaur unwields a +0 shortbow.
The centaur wields a +0 trident.
You block the centaur's attack.
The centaur kicks you but does no damage.
The centaur hits you.
* * * LOW HITPOINT WARNING * * *
You block the centaur's attack.
You are too injured to fight recklessly!
You are too injured to fight recklessly!
You are too injured to fight recklessly!
You hit the centaur.
The centaur is moderately wounded.
You hit the centaur. The centaur hits you with a +0 trident.
* * * LOW HITPOINT WARNING * * *
The centaur kicks you.
* * * LOW HITPOINT WARNING * * *
You block the centaur's attack.
The centaur kicks you but does no damage.
The centaur hits you but does no damage.
The centaur kicks you but does no damage.
The centaur barely misses you. The centaur kicks you.
* * * LOW HITPOINT WARNING * * *
You hit the centaur.
The centaur is severely wounded.
You slash the centaur!
The centaur hits you but does no damage.
The centaur kicks you.
* * * LOW HITPOINT WARNING * * *
You block the centaur's attack. The centaur barely misses you.
The centaur hits you with a +0 trident.
You die...

.#....## ##.<.........##..#
#.## #####..#
###############.# #.## #..#
#.# #.# #..# #.# #.# #..# #.#
#.# #..# ########### ##.#
##.#
#..####....##...####..###..##
##..##.......c.......###.....
#..........@......### #.....
##........c......## #.....
#.....######......# ##..##
........# ######[## ####
.........# ##.## ......##''#
##.### .....# .... ##..######
....# ...... #.......#
###......


You could see 2 centaurs.

Vanquished Creatures
  A centaur zombie (D:5)
  The ghost of xj0hn the Slasher, an amateur HuBe of Trog (D:5)
  Grinder (D:3)
  2 ogres
  2 bullfrogs
  A scorpion (D:5)
  3 wights (D:6)
  2 hounds (D:6)
  A centaur skeleton (D:6)
  Ijyb (D:3)
  Terence (D:3)
  An iguana (D:4)
  4 orc wizards
  A mummy (D:4)
  4 gnolls
  3 adders
  A shadow imp (D:5)
  A white imp (D:5)
  2 ufetubi
  An adder skeleton (D:5)
  A worm (D:3)
  2 dart slugs
  10 orcs
  4 ball pythons
  6 bats
  6 endoplasms
  4 giant cockroaches
  5 hobgoblins
  10 jackals
  3 quokkas
  4 frilled lizards
  8 goblins
  2 hobgoblin zombies (D:4)
  6 kobolds
  A kobold zombie (D:4)
  An orc zombie (D:4)
  5 rats
112 creatures vanquished.

Notes
Turn   | Place    | Note
-------+----------+-------------------------------------------
     0 | D:1      | Dreadrock the Minotaur Berserker began the quest for the
                  | Orb.
     0 | D:1      | Reached XP level 1. HP: 19/19 MP: 0/0
   101 | D:1      | Found a faded altar of an unknown god.
   154 | D:1      | Reached XP level 2. HP: 11/27 MP: 1/1
   468 | D:1      | Found Viorropn's Armour Boutique.
   770 | D:1      | Reached skill level 3 in Armour
   964 | D:1      | Reached XP level 3. HP: 25/33 MP: 2/2
  1465 | D:2      | Reached ** piety under Trog
  1683 | D:2      | Reached XP level 4. HP: 14/40 MP: 3/3
  2356 | D:3      | Noticed Ijyb
  2365 | D:3      | Killed Ijyb
  2794 | D:3      | Noticed Terence
  2808 | D:3      | Killed Terence
  2809 | D:3      | Reached skill level 4 in Armour
  2962 | D:3      | Reached XP level 5. HP: 47/47 MP: 4/4
  2992 | D:3      | Identified the +8 long sword "Xosk" {vorpal, rC+}
  3029 | D:3      | Noticed Grinder
  3040 | D:3      | Paralysed by Grinder for 4 turns
  3051 | D:3      | Killed Grinder
  3052 | D:3      | Reached skill level 5 in Armour
  3052 | D:3      | Reached XP level 6. HP: 30/55 MP: 5/5
  3447 | D:3      | Found a stormy altar of Qazlal.
  3491 | D:3      | Found a sacrificial altar of Ru.
  3722 | D:4      | Identified the +0 scale mail of Duck's Teeth {rF- Int+2
                  | Slay+3}
  3748 | D:4      | Reached skill level 5 in Fighting
  4048 | D:4      | Reached skill level 5 in Axes
  4247 | D:5      | Entered Level 5 of the Dungeon
  4377 | D:5      | Reached skill level 5 in Dodging
  4377 | D:5      | Reached XP level 7. HP: 44/61 MP: 6/6
  4693 | D:5      | Found a runed translucent door.
  4694 | D:5      | Noticed xj0hn's ghost (amateur HuBe)
  4918 | D:5      | Reached skill level 6 in Armour
  5149 | D:5      | Found Gawnokoass's Book Shop.
  5393 | D:5      | Reached XP level 8. HP: 57/70 MP: 7/7
  5548 | D:5      | Killed xj0hn's ghost
  5549 | D:5      | Reached skill level 7 in Armour
  6124 | D:1      | Bought the +1 kite shield of Nuonaf {Harm rPois Regen+
                  | Str-2 Dex-5} for 114 gold pieces
  6301 | D:6      | Reached skill level 1 in Shields
  6408 | D:6      | Reached *** piety under Trog
  6704 | D:6      | HP: 3/71 [centaur (2)]
  6705 | D:6      | HP: 1/71 [centaur/+0 trident (3)]
  6705 | D:6      | Slain by a centaur

Illustrated notes

Levels and vault maps discovered:
D:1:      zaba_arrival_water, layout_basic, basic_ecumenical_altar,
          serial_shops, shop
D:2:      layout_rooms, hangedman_abyss_or_decor_stabs
D:3:      layout_rooms, old_standard_altar, nicolae_ru_path_of_blood,
          minmay_misc_feat_tiny, ebering_dispersal_statue_hall, uniq_terence,
          uniq_grinder, uniq_ijyb
D:4:      layout_basic, minmay_temple_entry_grid, minmay_mini_ossuary
D:5:      nicolae_cairo_tiling, layout_loops_ring,
          hellmonk_ghost_happy_afterlife, serial_shops, shop
D:6:      layout_layer_cave, kennysheep_generic_room_3

Skill      XL: |  1  2  3  4  5  6  7  8 |
---------------+-------------------------+-----
Armour         | 3 4 5 6 7 |  7.7
Fighting       | 4 5 6 |  6.4
Dodging        | 3 4 5 6 |  6.9
Axes           | 4 5 6 |  6.4
Shields        | 3 |  3.0

Action                   |  1- 3 |  4- 6 |  7- 9 || total
-------------------------+-------+-------+-------++-------
Melee: Hand axe          |    98 |   104 |    62 ||   264
       Headbutt          |     5 |    18 |    14 ||    37
       Punch             |       |     1 |     3 ||     4
       War axe           |       |       |    36 ||    36
Invok: Berserk           |       |     3 |     2 ||     5
Armor: Animal skin       |    26 |       |       ||    26
       Chain mail        |       |    53 |    70 ||   123
Dodge: Dodged            |    79 |    51 |    77 ||   207
Block: Kite shield       |       |       |    24 ||    24
